 Dungeon Crawl Stone Soup version 0.17-a0-1805-g6093636 (webtiles) character file.

176 Kel the Vexing (level 5, -1/24 HPs)
             Began as a Spriggan Enchanter on Sept 12, 2015.
             Slain by a hobgoblin
             ... wielding a +0 club
              (5 damage)
             ... on level 3 of the Dungeon.
             The game lasted 00:08:23 (2842 turns).

Kel the Vexing (Spriggan Enchanter)                 Turns: 2842, Time: 00:08:23

Health: -1/24      AC:  4    Str:  4    XL:     5   Next: 30%
Magic:  1/10       EV: 16    Int: 16    God:
Gold:   192        SH:  0    Dex: 18    Spells: 4 memorised, 0 levels left

rFire  . . .     SeeInvis +     f - +2 dagger (speed)
rCold  . . .     Clarity  .     b - +2 robe
rNeg   . . .     SustAt   .     (shield restricted)
rPois  .         Gourm    .     (helmet restricted)
rElec  .         Spirit   .     (no cloak)
rCorr  .         Warding  .     (gloves unavailable)
rMut   .         Stasis   .     (boots unavailable)
MR     .....                    (no amulet)
Stlth  ++........               i - ring of loudness (curse)
                                g - -2 ring of evasion (curse)

@: very slightly contaminated, very quick, not resistant to hostile
enchantments, unstealthy
A: unfitting armour, see invisible, herbivore 3, speed 3, slow metabolism 2
a: no special abilities


You were on level 3 of the Dungeon.
You were very hungry.

You visited 1 branch of the dungeon, and saw 3 of its levels.

You collected 192 gold pieces.

Inventory:

Hand weapons
 f - a +2 dagger of speed (weapon)
Armour
 b - a +2 robe (worn)
Jewellery
 g - a cursed -2 ring of evasion (left hand)
 i - a cursed ring of loudness (right hand)
Scrolls
 e - 3 scrolls of teleportation
Potions
 a - a potion of invisibility {unknown}
 h - a potion of flight
 l - a potion of curing
Books
 c - a book of Maledictions

   Spells                             Type                      Level
   a - Corona                         Hexes                        1
   b - Ensorcelled Hibernation        Hexes/Ice                    2
   c - Confuse                        Hexes                        3
   d - Tukima's Dance                 Hexes                        3
   e - Dazzling Spray                 Conjuration/Hexes            3
Comestibles
 d - 3 bread rations


   Skills:
 - Level 1.1 Short Blades
 - Level 3.0 Dodging
 - Level 4.5 Stealth
 - Level 2.6 Spellcasting
 + Level 6.5 Hexes
 + Level 1.9 Ice Magic


You couldn't memorise any spells.
You knew the following spells:

 Your Spells              Type           Power        Failure   Level  Hunger
a - Ensorcelled Hibernat  Hex/Ice        ###...       8%          2    ##.....
b - Corona                Hex            ###....      1%          1    #......
c - Confuse               Hex            ###.....     4%          3    ###....
d - Tukima's Dance        Hex            ###.....     4%          3    ###....


Dungeon Overview and Level Annotations

Branches:
Dungeon (3/15)

Altars:
Fedhas
Okawaru
Ru


Innate Abilities, Weirdness & Mutations

You are tiny and cannot use many weapons and most armour.
You have supernaturally acute eyesight.
You are a herbivore.
You cover ground extremely quickly.
You need consume almost no food.


Message History

Confirm with . or Enter, or press ? or * to list all spells.
You don't have enough magic to cast that spell.
Unknown command.
You hit Ijyb but do no damage.
Ijyb is severely wounded.
The hobgoblin hits you with a club. Ijyb hits you with a dagger.
* * * LOW HITPOINT WARNING * * *
You hit Ijyb.
Ijyb is almost dead.
The hobgoblin closely misses you.
You hit Ijyb but do no damage.
Ijyb is almost dead.
Ijyb hits you but does no damage.
You hit Ijyb.
You kill Ijyb!
The hobgoblin hits you with a club.
* * * LOW HITPOINT WARNING * * *
Items here: ))) [ †† You barely miss the hobgoblin.
The hobgoblin hits you with a club.
You die...

.."...# #
.......############## ### #
......................#.# #
...........##.....#..##.# #
..............#.#.#.# #.# #
...........>........###.######
..........##..#.#.###.......##
.....#######......###.#.#.#.#.
...........#g@######..........
.!..........#.# #..#.#.#...
......<.########..........
#.................#.#.#...
##........................
#..#.#.#######...........
##.....# ###......... #.#.#.#
#.>....... #....r. #####.####


You could see a hobgoblin.

Vanquished Creatures
  Ijyb (D:3)
  Jessica (D:2)
  Natasha (D:3)
  A gnoll (D:3)
  4 adders (D:2)
  2 worms (D:2)
  4 giant geckos
  An orc (D:3)
  A ball python (D:2)
  5 hobgoblins
  5 bats
  A giant cockroach (D:1)
  2 giant newts (D:2)
  6 goblins
  5 kobolds
  A quokka (D:2)
  4 rats
45 creatures vanquished.

Notes
Turn   | Place    | Note
--------------------------------------------------------------
     0 | D:1      | Kel the Spriggan Enchanter began the quest for the Orb.
     0 | D:1      | Reached XP level 1. HP: 9/9 MP: 5/5
   608 | D:1      | Reached XP level 2. HP: 13/13 MP: 6/6
   638 | D:1      | Learned a level 2 spell: Ensorcelled Hibernation
  1330 | D:2      | Reached skill level 5 in Hexes
  1330 | D:2      | Reached XP level 3. HP: 12/16 MP: 0/8
  1431 | D:2      | Noticed Jessica
  1449 | D:2      | Killed Jessica
  1666 | D:2      | Learned a level 3 spell: Confuse
  1742 | D:2      | Reached XP level 4. HP: 21/21 MP: 9/9
  1772 | D:2      | Reached skill level 1 in Ice Magic
  2035 | D:2      | Found a sacrificial altar of Ru.
  2042 | D:2      | Found a blossoming altar of Fedhas.
  2606 | D:3      | Found an iron altar of Okawaru.
  2670 | D:3      | Reached skill level 6 in Hexes
  2674 | D:3      | Noticed Natasha
  2683 | D:3      | Killed Natasha
  2723 | D:3      | Reached XP level 5. HP: 24/24 MP: 10/10
  2730 | D:3      | Learned a level 3 spell: Tukima's Dance
  2803 | D:3      | Noticed Ijyb
  2840 | D:3      | Killed Ijyb
  2842 | D:3      | Slain by a hobgoblin

Vault maps used:
D:1:      minmay_arrival_radiant_lines
D:2:      old_standard_altar, lemuel_doored_altar, kennysheep_small_spiral,
          uniq_jessica
D:3:      kennysheep_six_static_rooms, nicolae_overflow_crystal_walls,
          lemuel_zombie_altar_yredelemnul, nicolae_overflow_hidden_temple,
          serial_glass, glass_columns_a, glass_columns_a, glass_columns_b,
          glass_columns_c, glass_columns_a, glass_columns_b, glass_columns_a,
          glass_columns_b, cheibriados_altar_wand_db, uniq_iyjb, uniq_natasha

Action                   |  1- 3 |  4- 6 || total
-------------------------+-------+-------++-------
Melee: Dagger            |    60 |    90 ||   150
 Cast: Ensorcelled Hiber |    13 |    15 ||    28
  Use: Scroll            |     4 |     2 ||     6
       Potion            |     4 |       ||     4
 Stab: Sleeping          |    11 |     9 ||    20
